Capitals vs Maple Leafs
(R1)
Created - October 31, 2018 at 19:39
Goals
|
| Capitals |
1 |
2 |
0 |
3 |
| Maple Leafs |
2 |
3 |
1 |
6 |
|
Shots
|
| Capitals |
7 |
16 |
0 |
23 |
| Maple Leafs |
10 |
14 |
5 |
29 |
|
1st period
1. Capitals , Ryan Getzlaf 1 (Loui Eriksson 2, Wayne Simmonds 3) at 14:37 (PP)
2. Maple Leafs , Fabian Brunnstrom 3 (Taylor Chorney 1, Ben Smith 2) at 16:00
3. Maple Leafs , Jordan Staal 5 (Claude Giroux 9) at 17:02 (PP)
Penalties :
Blake Wheeler (Was) for Hooking (Minor) at 7:23, Zac Dalpe (Tor) for Holding (Minor) at 14:09, Wayne Simmonds (Was) for Holding (Minor) at 16:46, Alex Killorn (Tor) for Hooking (Minor) at 18:16
2nd period
4. Capitals , Blake Wheeler 5 (Joe Thornton 7) at 1:00 (PP)
5. Maple Leafs , Mark Scheifele 4 (John Klingberg 2, Ben Smith 3) at 9:02
6. Capitals , Christian Ehrhoff 2 (Joe Thornton 8, Victor Hedman 3) at 9:18
7. Maple Leafs , Alex Killorn 2 (Blake Comeau 2, Gilbert Brule 5) at 17:28
8. Maple Leafs , Ben Smith 3 (John Klingberg 3, Mark Scheifele 2) at 19:31
Penalties :
Fabian Brunnstrom (Tor) for Tripping (Minor) at 0:46, Ben Smith (Tor) for Tripping (Minor) at 3:52, Artemi Panarin (Tor) for Tripping (Minor) at 19:55
3rd period
9. Maple Leafs , Claude Giroux 4 (Tobias Enstrom 8, Marc-André Fleury) at 8:00 (PP)
Penalties :
Ondrej Palat (Was) for Hooking (Minor) at 7:50, Blake Comeau (Tor) for Hooking (Minor) at 9:01, Matt Carle (Was) for Hooking (Minor) at 12:58
Goalie Stats
Sergei Bobrovsky (Was), 4 saves from 5 shots - (0.800), 20:29 minutes
Ryan Miller (Was), 19 saves from 24 shots - (0.792), L, 2-5-0, 39:31 minutes
Marc-André Fleury (Tor), 20 saves from 23 shots - (0.870), W, 2-4-0, 60:00 minutes
Players Stats for Capitals
Player Name G A P +/- PIM S H SB GA TA FO MP PP MP PK MP
------------------------------------------------------------------------------------
Alec Martinez 0 0 0 -1 0 2 2 4 0 0 0/0 11:55 0:00 0:00
Blake Wheeler 1 0 1 1 2 3 3 0 0 3 1/2 18:48 5:09 0:27
Brent Burns 0 0 0 -1 0 0 1 0 1 2 0/0 28:20 4:54 2:39
Christian Ehrhoff 1 0 1 -1 0 2 4 1 1 0 0/0 19:45 3:44 1:45
David Krejci 0 0 0 0 0 1 0 0 0 0 1/2 6:30 0:00 0:15
Erik Karlsson 0 0 0 -1 0 0 1 0 3 1 0/0 28:20 4:54 2:39
Jamie Benn 0 0 0 0 0 0 1 0 0 0 0/0 6:15 0:00 0:00
Joe Thornton 0 2 2 1 0 5 1 1 1 0 18/36 24:28 5:09 2:06
Loui Eriksson 0 1 1 -4 0 3 1 0 0 0 0/0 18:45 3:29 0:00
Matt Carle 0 0 0 -1 2 1 0 2 0 0 0/0 12:01 0:00 0:00
Mike Cammalleri 0 0 0 1 0 3 2 0 0 1 0/1 20:48 5:09 2:33
Mikko Koivu 0 0 0 0 0 1 2 0 0 0 2/4 12:14 0:00 0:00
Ondrej Palat 0 0 0 0 2 0 0 0 0 0 0/0 2:59 0:00 1:08
Patrick Marleau 0 0 0 0 0 0 0 0 0 1 0/0 13:45 0:00 1:15
Ryan Getzlaf 1 0 1 -4 0 1 4 1 0 1 5/10 19:56 3:29 1:04
T.J. Oshie 0 0 0 0 0 0 1 0 0 0 0/1 12:14 0:00 0:00
Victor Hedman 0 1 1 -1 0 0 1 1 1 1 0/0 19:45 3:44 1:45
Wayne Simmonds 0 1 1 -4 2 1 2 3 0 1 1/1 18:44 3:29 0:00
Players Stats for Maple Leafs
Player Name G A P +/- PIM S H SB GA TA FO MP PP MP PK MP
------------------------------------------------------------------------------------
Alex Killorn 1 0 1 1 2 4 2 0 0 0 0/0 10:05 0:00 0:00
Artemi Panarin 0 0 0 -1 2 3 3 0 0 0 1/1 19:06 2:39 2:09
Ben Smith 1 2 3 3 2 2 3 0 0 1 0/0 15:28 1:45 0:00
Blake Comeau 0 1 1 1 2 0 1 0 1 0 0/0 10:23 0:00 0:00
Braydon Coburn 0 0 0 0 0 1 0 3 1 0 0/0 24:08 1:47 5:56
Claude Giroux 1 1 2 -1 0 3 1 0 2 1 5/9 22:22 2:39 5:33
Eric Nystrom 0 0 0 0 0 3 2 0 0 1 0/1 10:36 0:00 1:21
Fabian Brunnstrom 1 0 1 3 2 1 2 0 1 0 0/1 15:21 1:45 0:00
Gilbert Brule 0 1 1 1 0 0 1 1 0 0 5/8 14:09 1:45 2:24
Jeremy Morin 0 0 0 0 0 1 1 0 0 0 0/0 8:21 0:00 0:00
John Klingberg 0 2 2 2 0 2 1 1 1 0 0/0 19:49 2:22 0:00
Jordan Staal 1 0 1 -1 0 1 1 0 2 1 15/30 22:46 2:39 5:44
Marc-Édouard Vlasic 0 0 0 0 0 1 0 0 1 0 0/0 15:20 2:02 0:00
Mark Scheifele 1 1 2 3 0 3 3 0 0 0 2/5 14:19 0:00 0:05
Ryan Parent 0 0 0 1 0 1 1 0 1 0 0/0 16:03 0:15 2:42
Taylor Chorney 0 1 1 1 0 1 1 0 0 0 0/0 19:18 0:00 5:56
Tobias Enstrom 0 1 1 2 0 1 2 0 0 3 0/0 25:22 2:22 2:42
Zac Dalpe 0 0 0 0 2 1 1 0 1 0 1/2 8:20 0:00 0:00
3 Stars
1 - Ben Smith (Tor)
2 - Mark Scheifele (Tor)
3 - John Klingberg (Tor)
Power Play
Capitals - 2 on 6 Attempt(s) - 33.33%
Maple Leafs - 2 on 4 Attempt(s) - 50.00%
Penalty Kill
Capitals - 2 on 4 Attempt(s) - 50.00%
- Score 0 goal in Penalty Kill
Maple Leafs - 4 on 6 Attempt(s) - 66.67%
- Score 0 goal in Penalty Kill
Team Stat
Capitals - Hits : 26 - Faceoff Wins : 28 - Blocked Shots : 13 - Penalty Minutes : 8
Maple Leafs - Hits : 26 - Faceoff Wins : 29 - Blocked Shots : 5 - Penalty Minutes : 12
Official
Referees : Unknown
Linesman : Unknown
Game Notes
Sergei Bobrovsky enters game at 19:31 of 2nd period
Finance
Level 1 -- Attendance: 5978 (99.63%) -- Ticket Income $538,020
Level 2 -- Attendance: 4425 (88.50%) -- Ticket Income $243,375
Level 3 -- Attendance: 2000 (100.00%) -- Ticket Income $72,000
Level 4 -- Attendance: 3852 (96.30%) -- Ticket Income $96,300
Luxury Box -- Attendance: 1000 (100.00%) -- Ticket Income $155,000
Game was played at the Maple Leafs Garden.
Total Attendance: 17255 (95.86%)
Total Ticket Income: $1,104,695
Other Income: $165,704
Total Income: $1,270,399
Capitals
5 vs 5 Forward
Center Left Wing Right Wing Time % Phy DF OF
1 Joe Thornton Mike Cammalleri Blake Wheeler 40 1 2 2
2 Ryan Getzlaf Loui Eriksson Wayne Simmonds 30 1 2 2
3 Mikko Koivu Patrick Marleau T.J. Oshie 20 1 2 2
4 David Krejci Jamie Benn Joe Thornton 10 1 2 2
5 vs 5 Defense
Defense Defense Time % Phy DF OF
1 Brent Burns Erik Karlsson 40 1 2 2
2 Christian Ehrhoff Victor Hedman 30 1 2 2
3 Alec Martinez Matt Carle 20 1 2 2
4 Brent Burns Erik Karlsson 10 1 2 2
PowerPlay Forward
Center Left Wing Right Wing Time % Phy DF OF
1 Joe Thornton Mike Cammalleri Blake Wheeler 60 1 2 2
2 Ryan Getzlaf Loui Eriksson Wayne Simmonds 40 1 2 2
PowerPlay Defense
Defense Defense Time % Phy DF OF
1 Brent Burns Erik Karlsson 60 1 2 2
2 Christian Ehrhoff Victor Hedman 40 1 2 2
Penalty Kill 4 Players Forward
Center Wing Time % Phy DF OF
1 Joe Thornton Mike Cammalleri 60 1 2 2
2 Ryan Getzlaf Blake Wheeler 40 1 2 2
Penalty Kill 4 Players Defense
Defense Defense Time % Phy DF OF
1 Brent Burns Erik Karlsson 60 1 2 2
2 Christian Ehrhoff Victor Hedman 40 1 2 2
Penalty Kill - 3 Players Forward
Forward Time % Phy DF OF
1 Joe Thornton 60 1 2 2
2 Mike Cammalleri 40 1 2 2
Penalty Kill - 3 Players Defense
Defense Defense Time % Phy DF OF
1 Brent Burns Erik Karlsson 60 1 2 2
2 Christian Ehrhoff Victor Hedman 40 1 2 2
4 vs 4 Forward
Center Wing Time % Phy DF OF
1 Joe Thornton Mike Cammalleri 60 1 2 2
2 Ryan Getzlaf Blake Wheeler 40 1 2 2
4 vs 4 Defense
Defense Defense Time % Phy DF OF
1 Brent Burns Erik Karlsson 60 1 2 2
2 Christian Ehrhoff Victor Hedman 40 1 2 2
Last Minutes Offensive
Center Left Wing Right Wing Defense Defense
Joe Thornton Mike Cammalleri Blake Wheeler Brent Burns Erik Karlsson
Last Minutes Defensive
Center Left Wing Right Wing Defense Defense
Joe Thornton Mike Cammalleri Blake Wheeler Brent Burns Erik Karlsson
Goaltenders
Starting : Ryan Miller
Backup : Sergei Bobrovsky
Extra Forwards
Normal : Ondrej Palat, Mikko Koivu, Patrick Marleau - PP : Ondrej Palat, Mikko Koivu - PK : Patrick Marleau
Extra Defensemen
Normal : Alec Martinez, Matt Carle, Christian Ehrhoff - PP : Alec Martinez - PK : Matt Carle, Christian Ehrhoff
Penalty Shots
Joe Thornton, Mike Cammalleri, Ryan Getzlaf, Blake Wheeler, Loui Eriksson
Scratches
None
Maple Leafs
5 vs 5 Forward
Center Left Wing Right Wing Time % Phy DF OF
1 Jordan Staal Artemi Panarin Claude Giroux 40 1 2 2
2 Mark Scheifele Fabian Brunnstrom Ben Smith 30 1 2 2
3 Gilbert Brule Alex Killorn Blake Comeau 20 1 2 2
4 Zac Dalpe Eric Nystrom Jeremy Morin 10 1 2 2
5 vs 5 Defense
Defense Defense Time % Phy DF OF
1 Tobias Enstrom John Klingberg 40 1 2 2
2 Braydon Coburn Marc-Édouard Vlasic 30 1 2 2
3 Taylor Chorney Ryan Parent 20 1 2 2
4 Tobias Enstrom Braydon Coburn 10 1 2 2
PowerPlay Forward
Center Left Wing Right Wing Time % Phy DF OF
1 Jordan Staal Artemi Panarin Claude Giroux 60 1 2 2
2 Gilbert Brule Fabian Brunnstrom Ben Smith 40 1 2 2
PowerPlay Defense
Defense Defense Time % Phy DF OF
1 Tobias Enstrom John Klingberg 60 1 2 2
2 Marc-Édouard Vlasic Braydon Coburn 40 1 2 2
Penalty Kill 4 Players Forward
Center Wing Time % Phy DF OF
1 Claude Giroux Jordan Staal 60 1 2 2
2 Gilbert Brule Artemi Panarin 40 1 2 2
Penalty Kill 4 Players Defense
Defense Defense Time % Phy DF OF
1 Taylor Chorney Braydon Coburn 60 1 2 2
2 Tobias Enstrom Ryan Parent 40 1 2 2
Penalty Kill - 3 Players Forward
Forward Time % Phy DF OF
1 Claude Giroux 60 1 2 2
2 Jordan Staal 40 1 2 2
Penalty Kill - 3 Players Defense
Defense Defense Time % Phy DF OF
1 Taylor Chorney Braydon Coburn 60 1 2 2
2 Tobias Enstrom Ryan Parent 40 1 2 2
4 vs 4 Forward
Center Wing Time % Phy DF OF
1 Claude Giroux Jordan Staal 60 1 2 2
2 Gilbert Brule Artemi Panarin 40 1 2 2
4 vs 4 Defense
Defense Defense Time % Phy DF OF
1 Tobias Enstrom Braydon Coburn 60 1 2 2
2 Taylor Chorney Ryan Parent 40 1 2 2
Last Minutes Offensive
Center Left Wing Right Wing Defense Defense
Jordan Staal Artemi Panarin Claude Giroux Tobias Enstrom John Klingberg
Last Minutes Defensive
Center Left Wing Right Wing Defense Defense
Jordan Staal Artemi Panarin Claude Giroux Taylor Chorney Braydon Coburn
Goaltenders
Starting : Marc-André Fleury
Backup : Thomas McCollum
Extra Forwards
Normal : Mark Scheifele, Ben Smith, Eric Nystrom - PP : Mark Scheifele, Ben Smith - PK : Eric Nystrom
Extra Defensemen
Normal : Marc-Édouard Vlasic, John Klingberg, Taylor Chorney - PP : Marc-Édouard Vlasic - PK : Ryan Parent, Taylor Chorney
Penalty Shots
Claude Giroux, Jordan Staal, Gilbert Brule, Artemi Panarin, Fabian Brunnstrom
Scratches
None
% Time on Ice - Capitals
Lines # - Real PCT - Wanted PCT - Time Play
Normal Forward
1 - 28% - 40% - 13:06
2 - 33% - 30% - 15:23
3 - 26% - 20% - 12:14
4 - 13% - 10% - 6:15
Normal Defense
1 - 40% - 40% - 18:44
2 - 30% - 30% - 14:16
3 - 25% - 20% - 11:55
4 - 4% - 10% - 2:03
PP Forward
1 - 60% - 60% - 5:09
2 - 40% - 40% - 3:29
PP Defense
1 - 57% - 60% - 4:54
2 - 43% - 40% - 3:44
PK Forward
1 - 76% - 60% - 3:20
2 - 24% - 40% - 1:04
PK Defense
1 - 60% - 60% - 2:39
2 - 40% - 40% - 1:45
PK3 Forward
1 - 0% - 60%
2 - 0% - 40%
PK3 Defense
1 - 0% - 60%
2 - 0% - 40%
44 Forward
1 - 0% - 60%
2 - 0% - 40%
44 Defense
1 - 0% - 60%
2 - 0% - 40%
Last Minute Offensive - 0:00
Last Minute Defensive - 0:00
Total
Forward - 60:00
Defense - 60:00
|
% Time on Ice - Maple Leafs
Lines # - Real PCT - Wanted PCT - Time Play
Normal Forward
1 - 33% - 40% - 15:38
2 - 28% - 30% - 13:04
3 - 21% - 20% - 9:55
4 - 18% - 10% - 8:21
Normal Defense
1 - 40% - 40% - 18:52
2 - 32% - 30% - 15:07
3 - 23% - 20% - 11:01
4 - 4% - 10% - 1:58
PP Forward
1 - 60% - 60% - 2:39
2 - 40% - 40% - 1:45
PP Defense
1 - 57% - 60% - 2:30
2 - 43% - 40% - 1:54
PK Forward
1 - 72% - 60% - 6:14
2 - 28% - 40% - 2:24
PK Defense
1 - 69% - 60% - 5:56
2 - 31% - 40% - 2:42
PK3 Forward
1 - 0% - 60%
2 - 0% - 40%
PK3 Defense
1 - 0% - 60%
2 - 0% - 40%
44 Forward
1 - 0% - 60%
2 - 0% - 40%
44 Defense
1 - 0% - 60%
2 - 0% - 40%
Last Minute Offensive - 0:00
Last Minute Defensive - 0:00
Total
Forward - 60:00
Defense - 60:00
|
Play by Play
1st period
0:01 of 1st period - Jordan Staal wins face-off versus Joe Thornton in neutral zone.
0:58 of 1st period - Snap shot by Mikko Koivu.
0:58 of 1st period - Shot Misses the Net.
1:04 of 1st period - Brent Burns is hit by Gilbert Brule and loses puck.
1:32 of 1st period - Icing by Joe Thornton.
1:33 of 1st period - Jordan Staal wins face-off versus Ryan Getzlaf in Capitals zone.
2:02 of 1st period - Snap shot by Gilbert Brule.
2:02 of 1st period - Deflect By Alex Killorn.
2:02 of 1st period - Stopped by Ryan Miller without a rebound.
2:03 of 1st period - Gilbert Brule wins face-off versus Joe Thornton in Capitals zone.
2:08 of 1st period - Snap shot by Alex Killorn.
2:08 of 1st period - Stopped by Ryan Miller with a rebound.
2:10 of 1st period - Slapshot by Ryan Parent.
2:10 of 1st period - Stopped by Ryan Miller with a rebound.
2:32 of 1st period - Icing by Ben Smith.
2:33 of 1st period - Mark Scheifele wins face-off versus Mikko Koivu in Maple Leafs zone.
2:48 of 1st period - Off-side.
2:49 of 1st period - Jordan Staal wins face-off versus Joe Thornton in neutral zone.
3:00 of 1st period - Snap shot by Jordan Staal.
3:00 of 1st period - Shot Blocked by Christian Ehrhoff.
3:14 of 1st period - Victor Hedman is hit by Fabian Brunnstrom and loses puck.
4:05 of 1st period - Wrist shot by Mike Cammalleri.
4:05 of 1st period - Stopped by Marc-André Fleury without a rebound.
4:06 of 1st period - Artemi Panarin wins face-off versus Joe Thornton in Maple Leafs zone.
4:15 of 1st period - Blake Wheeler is hit by Tobias Enstrom and loses puck.
4:42 of 1st period - Wrist shot by Wayne Simmonds.
4:42 of 1st period - Stopped by Marc-André Fleury without a rebound.
4:43 of 1st period - Jordan Staal wins face-off versus David Krejci in Maple Leafs zone.
6:53 of 1st period - Christian Ehrhoff is hit by Blake Comeau and loses puck.
7:04 of 1st period - Gilbert Brule is hit by Mikko Koivu.
7:23 of 1st period - Minor Penalty to Blake Wheeler for Hooking.
7:24 of 1st period - Joe Thornton wins face-off versus Jordan Staal in Capitals zone.
7:29 of 1st period - Icing by Jordan Staal.
7:30 of 1st period - Joe Thornton wins face-off versus Jordan Staal in Maple Leafs zone.
7:39 of 1st period - Joe Thornton is hit by Claude Giroux and loses puck.
7:46 of 1st period - Wrist shot by Claude Giroux.
7:46 of 1st period - Shot Misses the Net.
8:50 of 1st period - Erik Karlsson is hit by Artemi Panarin and loses puck.
9:23 of 1st period - Penalty to Blake Wheeler is over, Blake Wheeler is back on ice.
9:39 of 1st period - Snap shot by Patrick Marleau.
9:39 of 1st period - Shot Misses the Net.
9:51 of 1st period - Slapshot by John Klingberg.
9:51 of 1st period - Stopped by Ryan Miller with a rebound.
9:53 of 1st period - Slapshot by John Klingberg.
9:53 of 1st period - Shot Misses the Net.
10:33 of 1st period - Braydon Coburn is hit by Alec Martinez and loses puck.
11:14 of 1st period - Slapshot by Marc-Édouard Vlasic.
11:14 of 1st period - Stopped by Ryan Miller without a rebound.
11:15 of 1st period - Gilbert Brule wins face-off versus Ryan Getzlaf in Capitals zone.
11:47 of 1st period - Taylor Chorney is hit by Jamie Benn and loses puck.
12:28 of 1st period - Backhand shot by Zac Dalpe.
12:28 of 1st period - Shot Misses the Net.
13:02 of 1st period - Snap shot by Mikko Koivu.
13:02 of 1st period - Shot Misses the Net.
13:04 of 1st period - Wrist shot by Patrick Marleau.
13:04 of 1st period - Shot Blocked by John Klingberg.
13:06 of 1st period - Wrist shot by Christian Ehrhoff.
13:06 of 1st period - Stopped by Marc-André Fleury with a rebound.
13:20 of 1st period - Fabian Brunnstrom is hit by Ryan Getzlaf.
13:56 of 1st period - Snap shot by Loui Eriksson.
13:56 of 1st period - Stopped by Marc-André Fleury with a rebound.
14:09 of 1st period - Minor Penalty to Zac Dalpe for Holding.
14:10 of 1st period - Joe Thornton wins face-off versus Claude Giroux in Maple Leafs zone.
14:37 of 1st period - Wrist shot by Ryan Getzlaf.
14:37 of 1st period - Goal by Ryan Getzlaf - Capitals : 1 - Maple Leafs : 0.
14:38 of 1st period - Jordan Staal wins face-off versus Mike Cammalleri in neutral zone.
14:43 of 1st period - Snap shot by Artemi Panarin.
14:43 of 1st period - Stopped by Ryan Miller without a rebound.
14:44 of 1st period - Joe Thornton wins face-off versus Jordan Staal in Capitals zone.
14:44 of 1st period - Joe Thornton is hit by Jordan Staal.
15:10 of 1st period - Slapshot by Marc-Édouard Vlasic.
15:10 of 1st period - Shot Misses the Net.
15:12 of 1st period - Wrist shot by Fabian Brunnstrom.
15:12 of 1st period - Shot Blocked by Ryan Getzlaf.
15:14 of 1st period - Snap shot by Ben Smith.
15:14 of 1st period - Shot Misses the Net.
15:16 of 1st period - Slapshot by Fabian Brunnstrom.
15:16 of 1st period - Shot Misses the Net.
15:20 of 1st period - Snap shot by Fabian Brunnstrom.
15:20 of 1st period - Shot Misses the Net.
15:22 of 1st period - Wrist shot by Fabian Brunnstrom.
15:22 of 1st period - Shot Misses the Net.
15:24 of 1st period - Slapshot by Braydon Coburn.
15:24 of 1st period - Deflect By Wayne Simmonds.
15:24 of 1st period - Stopped by Ryan Miller without a rebound.
15:25 of 1st period - Joe Thornton wins face-off versus Jordan Staal in Capitals zone.
15:35 of 1st period - Blake Wheeler is hit by Artemi Panarin and loses puck.
15:58 of 1st period - Wrist shot by Ben Smith.
15:58 of 1st period - Stopped by Ryan Miller with a rebound.
16:00 of 1st period - Backhand shot by Taylor Chorney.
16:00 of 1st period - Deflect By Fabian Brunnstrom.
16:00 of 1st period - Goal by Fabian Brunnstrom - Capitals : 1 - Maple Leafs : 1.
16:01 of 1st period - Jordan Staal wins face-off versus Joe Thornton in neutral zone.
16:46 of 1st period - Minor Penalty to Wayne Simmonds for Holding.
16:47 of 1st period - Joe Thornton wins face-off versus Claude Giroux in Capitals zone.
17:02 of 1st period - Snap shot by Jordan Staal.
17:02 of 1st period - Goal by Jordan Staal - Capitals : 1 - Maple Leafs : 2.
17:03 of 1st period - Joe Thornton wins face-off versus Jordan Staal in neutral zone.
17:08 of 1st period - Wrist shot by Joe Thornton.
17:08 of 1st period - Stopped by Marc-André Fleury without a rebound.
17:09 of 1st period - Joe Thornton wins face-off versus Jordan Staal in Maple Leafs zone.
17:18 of 1st period - Snap shot by Joe Thornton.
17:18 of 1st period - Shot Misses the Net.
17:20 of 1st period - Slapshot by Erik Karlsson.
17:20 of 1st period - Deflect By Blake Wheeler.
17:20 of 1st period - Shot Misses the Net.
17:20 of 1st period - Puck is out of play.
17:21 of 1st period - Jordan Staal wins face-off versus Joe Thornton in Maple Leafs zone.
17:47 of 1st period - Brent Burns is hit by Ben Smith and loses puck.
18:14 of 1st period - Snap shot by T.J. Oshie.
18:14 of 1st period - Shot Blocked by Gilbert Brule.
18:16 of 1st period - Minor Penalty to Alex Killorn for Hooking.
18:17 of 1st period - Claude Giroux wins face-off versus Joe Thornton in Maple Leafs zone.
18:47 of 1st period - Claude Giroux is hit by Mike Cammalleri and loses puck.
19:02 of 1st period - Snap shot by Mike Cammalleri.
19:02 of 1st period - Stopped by Marc-André Fleury without a rebound.
19:03 of 1st period - Gilbert Brule wins face-off versus Ryan Getzlaf in Maple Leafs zone.
19:30 of 1st period - Jordan Staal is hit by Mike Cammalleri and loses puck.
19:45 of 1st period - Snap shot by Eric Nystrom.
19:45 of 1st period - Shot Blocked by Wayne Simmonds.
Goals for this period are 1 for Capitals vs 2 for Maple Leafs.
Shots for this period are 7 for Capitals vs 10 for Maple Leafs.
2nd period
0:01 of 2nd period - Claude Giroux wins face-off versus Joe Thornton in neutral zone.
0:16 of 2nd period - Penalty to Alex Killorn is over, Alex Killorn is back on ice.
0:36 of 2nd period - Snap shot by Fabian Brunnstrom.
0:36 of 2nd period - Shot Misses the Net.
0:46 of 2nd period - Minor Penalty to Fabian Brunnstrom for Tripping.
0:47 of 2nd period - Joe Thornton wins face-off versus Claude Giroux in Maple Leafs zone.
1:00 of 2nd period - Slapshot by Blake Wheeler.
1:00 of 2nd period - Goal by Blake Wheeler - Capitals : 2 - Maple Leafs : 2.
1:01 of 2nd period - Jordan Staal wins face-off versus Joe Thornton in neutral zone.
1:26 of 2nd period - Victor Hedman is hit by Fabian Brunnstrom and loses puck.
2:42 of 2nd period - Christian Ehrhoff is hit by Zac Dalpe.
3:07 of 2nd period - Slapshot by Fabian Brunnstrom.
3:07 of 2nd period - Shot Blocked by Alec Martinez.
3:29 of 2nd period - Wrist shot by Mike Cammalleri.
3:29 of 2nd period - Deflect By Joe Thornton.
3:29 of 2nd period - Stopped by Marc-André Fleury without a rebound.
3:30 of 2nd period - Joe Thornton wins face-off versus Mark Scheifele in Maple Leafs zone.
3:37 of 2nd period - Snap shot by Joe Thornton.
3:37 of 2nd period - Stopped by Marc-André Fleury without a rebound.
3:38 of 2nd period - Ryan Getzlaf wins face-off versus Fabian Brunnstrom in Maple Leafs zone.
3:52 of 2nd period - Minor Penalty to Ben Smith for Tripping.
3:53 of 2nd period - Joe Thornton wins face-off versus Claude Giroux in Maple Leafs zone.
4:18 of 2nd period - Taylor Chorney is hit by Ryan Getzlaf and loses puck.
4:39 of 2nd period - Slapshot by Victor Hedman.
4:39 of 2nd period - Shot Misses the Net.
4:54 of 2nd period - Icing by Loui Eriksson.
4:55 of 2nd period - Ryan Getzlaf wins face-off versus Jordan Staal in Capitals zone.
5:20 of 2nd period - Claude Giroux is hit by Loui Eriksson and loses puck.
5:35 of 2nd period - Slapshot by Gilbert Brule.
5:35 of 2nd period - Shot Misses the Net.
5:52 of 2nd period - Penalty to Ben Smith is over, Ben Smith is back on ice.
6:16 of 2nd period - Icing by Victor Hedman.
6:17 of 2nd period - Zac Dalpe wins face-off versus Mikko Koivu in Capitals zone.
6:31 of 2nd period - Icing by Blake Comeau.
6:32 of 2nd period - Gilbert Brule wins face-off versus Joe Thornton in Maple Leafs zone.
6:51 of 2nd period - Icing by John Klingberg.
6:52 of 2nd period - Ryan Getzlaf wins face-off versus Gilbert Brule in Maple Leafs zone.
6:53 of 2nd period - Wrist shot by Loui Eriksson.
6:53 of 2nd period - Stopped by Marc-André Fleury with a rebound.
6:55 of 2nd period - Snap shot by Alec Martinez.
6:55 of 2nd period - Stopped by Marc-André Fleury with a rebound.
6:57 of 2nd period - Slapshot by Alec Martinez.
6:57 of 2nd period - Stopped by Marc-André Fleury with a rebound.
6:59 of 2nd period - Wrist shot by Loui Eriksson.
6:59 of 2nd period - Stopped by Marc-André Fleury without a rebound.
7:00 of 2nd period - Ryan Getzlaf wins face-off versus Jordan Staal in Maple Leafs zone.
7:05 of 2nd period - Snap shot by Loui Eriksson.
7:05 of 2nd period - Shot Misses the Net.
7:07 of 2nd period - Backhand shot by Matt Carle.
7:07 of 2nd period - Stopped by Marc-André Fleury without a rebound.
7:08 of 2nd period - Blake Wheeler wins face-off versus Jordan Staal in Maple Leafs zone.
7:19 of 2nd period - Snap shot by Blake Wheeler.
7:19 of 2nd period - Shot Misses the Net.
7:21 of 2nd period - Snap shot by Mike Cammalleri.
7:21 of 2nd period - Stopped by Marc-André Fleury with a rebound.
7:23 of 2nd period - Wrist shot by Joe Thornton.
7:23 of 2nd period - Stopped by Marc-André Fleury without a rebound.
7:24 of 2nd period - Wayne Simmonds wins face-off versus Mark Scheifele in Maple Leafs zone.
7:33 of 2nd period - Slapshot by John Klingberg.
7:33 of 2nd period - Stopped by Ryan Miller without a rebound.
7:34 of 2nd period - Ryan Getzlaf wins face-off versus Mark Scheifele in Capitals zone.
7:47 of 2nd period - Ben Smith is hit by Ryan Getzlaf and loses puck.
8:56 of 2nd period - Snap shot by Ben Smith.
8:56 of 2nd period - Shot Blocked by Wayne Simmonds.
8:58 of 2nd period - Slapshot by John Klingberg.
8:58 of 2nd period - Shot Misses the Net.
9:00 of 2nd period - Backhand shot by Mark Scheifele.
9:00 of 2nd period - Stopped by Ryan Miller with a rebound.
9:02 of 2nd period - Slapshot by Mark Scheifele.
9:02 of 2nd period - Goal by Mark Scheifele - Capitals : 2 - Maple Leafs : 3.
9:03 of 2nd period - Joe Thornton wins face-off versus Jordan Staal in neutral zone.
9:05 of 2nd period - Off-side.
9:06 of 2nd period - Joe Thornton wins face-off versus Jordan Staal in neutral zone.
9:09 of 2nd period - Artemi Panarin is hit by Blake Wheeler and loses puck.
9:14 of 2nd period - Snap shot by Blake Wheeler.
9:14 of 2nd period - Shot Blocked by Braydon Coburn.
9:16 of 2nd period - Slapshot by Victor Hedman.
9:16 of 2nd period - Deflect By Joe Thornton.
9:16 of 2nd period - Stopped by Marc-André Fleury with a rebound.
9:18 of 2nd period - Snap shot by Christian Ehrhoff.
9:18 of 2nd period - Goal by Christian Ehrhoff - Capitals : 3 - Maple Leafs : 3.
9:19 of 2nd period - Jordan Staal wins face-off versus Joe Thornton in neutral zone.
9:22 of 2nd period - Wrist shot by Claude Giroux.
9:22 of 2nd period - Stopped by Ryan Miller with a rebound.
9:24 of 2nd period - Snap shot by Claude Giroux.
9:24 of 2nd period - Deflect By Artemi Panarin.
9:24 of 2nd period - Stopped by Ryan Miller without a rebound.
9:25 of 2nd period - Joe Thornton wins face-off versus Jordan Staal in Capitals zone.
10:31 of 2nd period - Icing by Jeremy Morin.
10:32 of 2nd period - David Krejci wins face-off versus Zac Dalpe in Maple Leafs zone.
10:37 of 2nd period - Wrist shot by Blake Wheeler.
10:37 of 2nd period - Stopped by Marc-André Fleury with a rebound.
10:41 of 2nd period - Wrist shot by Joe Thornton.
10:41 of 2nd period - Shot Misses the Net.
10:59 of 2nd period - Wrist shot by Claude Giroux.
10:59 of 2nd period - Stopped by Ryan Miller without a rebound.
11:00 of 2nd period - Jordan Staal wins face-off versus T.J. Oshie in Capitals zone.
11:01 of 2nd period - Snap shot by Claude Giroux.
11:01 of 2nd period - Shot Misses the Net.
11:27 of 2nd period - Claude Giroux is hit by Victor Hedman.
11:33 of 2nd period - Wrist shot by Mikko Koivu.
11:33 of 2nd period - Stopped by Marc-André Fleury without a rebound.
11:34 of 2nd period - Gilbert Brule wins face-off versus Joe Thornton in Maple Leafs zone.
11:39 of 2nd period - Brent Burns is hit by Alex Killorn.
11:51 of 2nd period - Slapshot by Taylor Chorney.
11:51 of 2nd period - Stopped by Ryan Miller with a rebound.
12:24 of 2nd period - Ryan Parent is hit by Joe Thornton and loses puck.
12:33 of 2nd period - Snap shot by David Krejci.
12:33 of 2nd period - Stopped by Marc-André Fleury with a rebound.
13:20 of 2nd period - Zac Dalpe is hit by Alec Martinez and loses puck.
14:08 of 2nd period - Blake Comeau is hit by Blake Wheeler and loses puck.
14:27 of 2nd period - Victor Hedman is hit by Eric Nystrom and loses puck.
14:32 of 2nd period - Snap shot by Zac Dalpe.
14:32 of 2nd period - Stopped by Ryan Miller with a rebound.
14:42 of 2nd period - Artemi Panarin is hit by Christian Ehrhoff and loses puck.
14:54 of 2nd period - Matt Carle is hit by Ryan Parent and loses puck.
15:26 of 2nd period - Snap shot by Eric Nystrom.
15:26 of 2nd period - Stopped by Ryan Miller with a rebound.
15:28 of 2nd period - Snap shot by Eric Nystrom.
15:28 of 2nd period - Stopped by Ryan Miller with a rebound.
15:40 of 2nd period - Gilbert Brule is hit by Christian Ehrhoff and loses puck.
16:19 of 2nd period - Marc-Édouard Vlasic is hit by Brent Burns and loses puck.
17:03 of 2nd period - Alec Martinez is hit by Mark Scheifele and loses puck.
17:26 of 2nd period - Wrist shot by Alex Killorn.
17:26 of 2nd period - Stopped by Ryan Miller with a rebound.
17:28 of 2nd period - Snap shot by Alex Killorn.
17:28 of 2nd period - Goal by Alex Killorn - Capitals : 3 - Maple Leafs : 4.
17:29 of 2nd period - Jordan Staal wins face-off versus Joe Thornton in neutral zone.
19:13 of 2nd period - Backhand shot by Claude Giroux.
19:13 of 2nd period - Shot Blocked by Alec Martinez.
19:15 of 2nd period - Wrist shot by Ben Smith.
19:15 of 2nd period - Shot Blocked by Alec Martinez.
19:17 of 2nd period - Wrist shot by Fabian Brunnstrom.
19:17 of 2nd period - Deflect By Mark Scheifele.
19:17 of 2nd period - Stopped by Ryan Miller without a rebound.
19:18 of 2nd period - Mark Scheifele wins face-off versus Ryan Getzlaf in Capitals zone.
19:31 of 2nd period - Wrist shot by Ben Smith.
19:31 of 2nd period - Goal by Ben Smith - Capitals : 3 - Maple Leafs : 5.
19:31 of 2nd period - Sergei Bobrovsky enters game.
19:32 of 2nd period - Joe Thornton wins face-off versus Jordan Staal in neutral zone.
19:36 of 2nd period - Off-side.
19:37 of 2nd period - Joe Thornton wins face-off versus Jordan Staal in neutral zone.
19:50 of 2nd period - Wrist shot by Blake Wheeler.
19:50 of 2nd period - Stopped by Marc-André Fleury without a rebound.
19:51 of 2nd period - Jordan Staal wins face-off versus Blake Wheeler in Maple Leafs zone.
19:55 of 2nd period - Minor Penalty to Artemi Panarin for Tripping.
19:56 of 2nd period - Claude Giroux wins face-off versus Joe Thornton in Maple Leafs zone.
Goals for this period are 2 for Capitals vs 3 for Maple Leafs.
Shots for this period are 16 for Capitals vs 14 for Maple Leafs.
3rd period
0:01 of 3rd period - Claude Giroux wins face-off versus Joe Thornton in neutral zone.
0:14 of 3rd period - Snap shot by Joe Thornton.
0:14 of 3rd period - Shot Misses the Net.
0:16 of 3rd period - Slapshot by Erik Karlsson.
0:16 of 3rd period - Deflect By Joe Thornton.
0:16 of 3rd period - Shot Blocked by Braydon Coburn.
0:16 of 3rd period - Puck is out of play.
0:17 of 3rd period - Jordan Staal wins face-off versus Ryan Getzlaf in Maple Leafs zone.
1:08 of 3rd period - Tobias Enstrom is hit by Blake Wheeler and loses puck.
1:53 of 3rd period - Wayne Simmonds is hit by Eric Nystrom and loses puck.
1:55 of 3rd period - Penalty to Artemi Panarin is over, Artemi Panarin is back on ice.
2:44 of 3rd period - Slapshot by Artemi Panarin.
2:44 of 3rd period - Stopped by Sergei Bobrovsky with a rebound.
2:52 of 3rd period - Slapshot by Tobias Enstrom.
2:52 of 3rd period - Shot Blocked by Alec Martinez.
3:14 of 3rd period - Wrist shot by Eric Nystrom.
3:14 of 3rd period - Shot Blocked by Joe Thornton.
3:16 of 3rd period - Backhand shot by Eric Nystrom.
3:16 of 3rd period - Shot Misses the Net.
3:18 of 3rd period - Slapshot by Eric Nystrom.
3:18 of 3rd period - Shot Blocked by Matt Carle.
3:20 of 3rd period - Backhand shot by Ryan Parent.
3:20 of 3rd period - Shot Blocked by Matt Carle.
3:22 of 3rd period - Slapshot by Eric Nystrom.
3:22 of 3rd period - Stopped by Sergei Bobrovsky without a rebound.
3:23 of 3rd period - Mikko Koivu wins face-off versus Gilbert Brule in Capitals zone.
3:28 of 3rd period - Marc-Édouard Vlasic is hit by Mikko Koivu.
3:32 of 3rd period - Snap shot by Gilbert Brule.
3:32 of 3rd period - Shot Blocked by Victor Hedman.
3:34 of 3rd period - Wrist shot by Gilbert Brule.
3:34 of 3rd period - Shot Misses the Net.
3:36 of 3rd period - Snap shot by Blake Comeau.
3:36 of 3rd period - Shot Misses the Net.
4:20 of 3rd period - Brent Burns is hit by Alex Killorn.
4:59 of 3rd period - Backhand shot by Jeremy Morin.
4:59 of 3rd period - Stopped by Sergei Bobrovsky with a rebound.
5:31 of 3rd period - T.J. Oshie is hit by Ben Smith and loses puck.
5:38 of 3rd period - Ben Smith is hit by T.J. Oshie and loses puck.
5:55 of 3rd period - Snap shot by David Krejci.
5:55 of 3rd period - Shot Misses the Net.
5:57 of 3rd period - Snap shot by David Krejci.
5:57 of 3rd period - Shot Blocked by Braydon Coburn.
5:59 of 3rd period - Snap shot by David Krejci.
5:59 of 3rd period - Shot Misses the Net.
6:46 of 3rd period - Brent Burns is hit by Ben Smith and loses puck.
7:05 of 3rd period - Alex Killorn is hit by Erik Karlsson and loses puck.
7:50 of 3rd period - Minor Penalty to Ondrej Palat for Hooking.
7:51 of 3rd period - Joe Thornton wins face-off versus Jordan Staal in Capitals zone.
8:00 of 3rd period - Snap shot by Claude Giroux.
8:00 of 3rd period - Goal by Claude Giroux - Capitals : 3 - Maple Leafs : 6.
8:01 of 3rd period - Jordan Staal wins face-off versus Joe Thornton in neutral zone.
8:28 of 3rd period - Mark Scheifele is hit by Wayne Simmonds and loses puck.
8:50 of 3rd period - Off-side.
8:51 of 3rd period - Mikko Koivu wins face-off versus Gilbert Brule in neutral zone.
9:01 of 3rd period - Minor Penalty to Blake Comeau for Hooking.
9:02 of 3rd period - Claude Giroux wins face-off versus Joe Thornton in Maple Leafs zone.
9:51 of 3rd period - Snap shot by Gilbert Brule.
9:51 of 3rd period - Shot Blocked by Wayne Simmonds.
10:09 of 3rd period - Blake Wheeler is hit by Artemi Panarin.
10:28 of 3rd period - Icing by Brent Burns.
10:29 of 3rd period - Joe Thornton wins face-off versus Eric Nystrom in Capitals zone.
10:29 of 3rd period - Joe Thornton is hit by Taylor Chorney.
10:54 of 3rd period - Gilbert Brule is hit by Christian Ehrhoff and loses puck.
11:01 of 3rd period - Penalty to Blake Comeau is over, Blake Comeau is back on ice.
11:41 of 3rd period - Snap shot by Mark Scheifele.
11:41 of 3rd period - Shot Misses the Net.
11:53 of 3rd period - Eric Nystrom is hit by Wayne Simmonds and loses puck.
12:48 of 3rd period - Slapshot by Tobias Enstrom.
12:48 of 3rd period - Stopped by Sergei Bobrovsky with a rebound.
12:50 of 3rd period - Snap shot by Mark Scheifele.
12:50 of 3rd period - Shot Misses the Net.
12:58 of 3rd period - Minor Penalty to Matt Carle for Hooking.
12:59 of 3rd period - Jordan Staal wins face-off versus Joe Thornton in Capitals zone.
13:00 of 3rd period - Snap shot by Claude Giroux.
13:00 of 3rd period - Shot Misses the Net.
13:43 of 3rd period - Victor Hedman is hit by Tobias Enstrom and loses puck.
14:00 of 3rd period - Ben Smith is hit by Christian Ehrhoff and loses puck.
14:33 of 3rd period - Ben Smith is hit by Ryan Getzlaf and loses puck.
14:58 of 3rd period - Penalty to Matt Carle is over, Matt Carle is back on ice.
15:12 of 3rd period - Loui Eriksson is hit by Jeremy Morin and loses puck.
16:58 of 3rd period - Erik Karlsson is hit by Mark Scheifele and loses puck.
17:47 of 3rd period - Joe Thornton is hit by John Klingberg and loses puck.
17:54 of 3rd period - Joe Thornton is hit by Mark Scheifele and loses puck.
Goals for this period are 0 for Capitals vs 1 for Maple Leafs.
Shots for this period are 0 for Capitals vs 5 for Maple Leafs.
Back to the Top